 Dungeon Crawl Stone Soup version 0.20.0-15-g7f486f2 (webtiles) character file.

616 Malak the Cleaver (level 7, 0/58 HPs)
             Began as a Minotaur Fighter on June 18, 2017.
             Succumbed to a killer bee's poison
             ... on level 3 of the Dungeon.
             The game lasted 00:06:54 (2009 turns).

Malak the Cleaver (Minotaur Fighter)                Turns: 2009, Time: 00:06:55

Health: 0/58       AC:  6    Str: 21    XL:     7   Next: 21%
Magic:  6/6        EV:  7    Int:  5    God:
Gold:   76         SH:  9    Dex: 11    Spells: 6/6 levels left

rFire    . . .     SeeInvis .   r - +0 hand axe (flame)
rCold    . . .     Gourm    .   c - +0 shield
rNeg     + . .     Faith    .   b - +0 scale mail
rPois    .         Spirit   .   (helmet restricted)
rElec    .         Reflect  .   (no cloak)
rCorr    .         Harm     .   (no gloves)
MR       .....                  (no boots)
Stlth    +.........             (no amulet)
Regen    0.2/turn               w - ring of positive energy
MPRegen  0.1/turn               A - ring of stealth

@: lethally poisoned (0 -> -8)
A: retaliatory headbutt, horns 2
a: no special abilities


You were on level 3 of the Dungeon.
You were not hungry.

You visited 1 branch of the dungeon, and saw 3 of its levels.

You collected 76 gold pieces.

Inventory:

Hand Weapons
 a - a +0 war axe
 r - a +0 hand axe of flaming (weapon)
Armour
 b - a +0 scale mail (worn)
 c - a +0 shield (worn)
Jewellery
 h - an uncursed ring of teleportation
 k - an uncursed ring of protection from cold
 m - an uncursed ring of magical power
 w - a ring of positive energy (left hand)
 A - a ring of stealth (right hand)
Scrolls
 g - a scroll of fog {unknown}
 i - a scroll of fear {unknown}
 j - 3 scrolls of identify {unknown}
 l - 3 scrolls of enchant armour {unknown}
 n - 2 scrolls of random uselessness {unknown}
 t - a scroll of teleportation {unknown}
 y - a scroll of noise {unknown}
 z - 2 scrolls of immolation {unknown}
Potions
 d - a potion of might
 e - a potion of resistance {unknown}
 o - a potion of agility {unknown}
 p - a potion of lignification {unknown}
 q - a potion of heal wounds {unknown}
 s - 3 potions of curing {unknown}
 u - a potion of magic {unknown}
 v - a potion of brilliance {unknown}
 C - a potion of mutation {unknown}
Comestibles
 f - 3 bread rations
 B - a royal jelly


   Skills:
 - Level 3.7 Fighting
 + Level 9.6 Axes
 - Level 3.6 Armour
 - Level 3.7 Shields


You had 6 spell levels left.
You didn't know any spells.

Dungeon Overview and Level Annotations

Branches:
Dungeon (3/15)

Altars:


Innate Abilities, Weirdness & Mutations

You reflexively headbutt those who attack you in melee.
You have a pair of horns on your head.


Message History

The killer bee stings you but does no damage.
You hit the killer bee but do no damage.
The killer bee is severely wounded.
The killer bee stings you!
* * * LOW HITPOINT WARNING * * *
The killer bee stings you.
* * * LOW HITPOINT WARNING * * *
You are more poisoned.
The killer bee poisons you!
You closely miss the killer bee.
The killer bee is severely wounded.
* * * LOW HITPOINT WARNING * * *
You feel sick.
The killer bee stings you but does no damage.
The killer bee stings you.
* * * LOW HITPOINT WARNING * * *
Your scale mail prevents you from hitting the killer bee.
Your headbutt misses the killer bee.
The killer bee is severely wounded.
You die...

..##.# #.# #..#
#...# .....# #.#
#..# #†#...# ..####
#.#
#######..###.###.#
..# #..
......#..##...##..#
..#
#.....##.....##.#
..#
###.#....)..⌠...+.#
###
####.?.....###(((###
# .#
........###.##...#
..... ####...@#
.##.>.# .###.#
........y...##...#
.#
#####...##.###...#
.. #...# + ..⌠.. ...
#...# #.....# ....
#...# ##...## #...#
##.## ....#


You could see a killer bee.

Vanquished Creatures
  Grinder (D:3)
  The ghost of Quirk the Chopper, an amateur DsBe of Trog (D:3)
  An ogre (D:3)
  2 killer bees (D:3)
  4 adders (D:2)
  An ooze (D:1)
  4 worms
  5 orcs (D:3)
  A ball python (D:2)
  5 bats
  3 giant cockroaches
  6 hobgoblins
  3 jackals (D:2)
  15 kobolds
  A quokka (D:2)
  3 frilled lizards
  5 goblins
  5 rats
66 creatures vanquished.

Notes
Turn   | Place    | Note
-------+----------+-------------------------------------------
     0 | D:1      | Malak the Minotaur Fighter began the quest for the Orb.
     0 | D:1      | Reached XP level 1. HP: 19/19 MP: 0/0
    21 | D:1      | Reached skill level 3 in Axes
    47 | D:1      | Reached XP level 2. HP: 26/27 MP: 1/1
   631 | D:2      | Reached skill level 4 in Axes
   679 | D:2      | Reached XP level 3. HP: 33/33 MP: 2/2
  1201 | D:2      | Reached skill level 5 in Axes
  1242 | D:2      | Reached XP level 4. HP: 34/40 MP: 3/3
  1424 | D:3      | Noticed an ogre
  1431 | D:3      | Killed an ogre
  1431 | D:3      | Reached skill level 6 in Axes
  1431 | D:3      | Reached XP level 5. HP: 39/46 MP: 4/4
  1491 | D:3      | Noticed Grinder
  1507 | D:3      | Killed Grinder
  1507 | D:3      | Reached skill level 8 in Axes
  1507 | D:3      | Reached XP level 6. HP: 41/52 MP: 5/5
  1769 | D:3      | Noticed Quirk's ghost (amateur DsBe)
  1782 | D:3      | Killed Quirk's ghost
  1782 | D:3      | Reached skill level 9 in Axes
  1782 | D:3      | Reached XP level 7. HP: 45/58 MP: 6/6
  2008 | D:3      | HP: 1/58 [killer bee (2)]
  2009 | D:3      | Succumbed to a killer bee's poison

Skill      XL: |  1  2  3  4  5  6 |
---------------+-------------------+-----
Axes           | 3 4 5 6 8 9 |  9.6
Fighting       | |  3.7
Armour         | |  3.6
Shields        | |  3.7

Action                   |  1- 3 |  4- 6 |  7- 9 || total
-------------------------+-------+-------+-------++-------
Melee: War axe           |    40 |       |       ||    40
       Headbutt          |     9 |    14 |     1 ||    24
       Hand axe          |    36 |    54 |    20 ||   110
  Use: Scroll            |     1 |       |       ||     1
       Potion            |       |     1 |       ||     1
  Eat: Chunk             |     1 |     2 |     1 ||     4
Armor: Scale mail        |    31 |    14 |    10 ||    55
Dodge: Dodged            |    21 |    13 |     8 ||    42
Block: Shield            |    36 |    15 |     9 ||    60
